[Event "Team 45 45 League T64"]
[Site "Internet Chess Club"]
[Date "2015.03.22"]
[Round "3"]
[White "Skeptic1972"]
[Black "frank001"]
[Result "0-1"]
[WhiteElo "1567"]
[BlackElo "1772"]
[Opening "Alekhine's defense: modern, Panov variation"]
[ECO "B05"]
[Time "02:00:32"]
[TimeControl "2700+45"]

1. e4 Nf6 2. e5 Nd5 3. d4 d6 4. Nf3 Bg4 5. h3 Bh5 6. Be2 c6 7. O-O dxe5 8. Nxe5
Bxe2 9. Qxe2 e6 10. Nc3 Nf6 11. Be3 Nbd7 12. Rad1 Bd6 13. Rfe1 O-O 14. Bg5 Qc7
15. Ng4 Be7 16. f4 Rfe8 17. Rd3 Rad8 18. Ne5 Nxe5 19. dxe5 Nd5 20. Nxd5 cxd5 21.
Bxe7 Rxe7 22. Rc1 Qb6+ 23. Kh2 Qxb2 24. Rcd1 Qxa2 25. Qd2 Rc8 26. Rc3 Rec7 27.
Rxc7 Rxc7 28. f5 Qxc2 {White resigns} 0-1

[Event "Team 45 45 League T64"]
[Site "Internet Chess Club"]
[Date "2015.03.21"]
[Round "3"]
[White "kabindra"]
[Black "fireball"]
[Result "1-0"]
[WhiteElo "1856"]
[BlackElo "1601"]
[Opening "French: Tarrasch, closed variation"]
[ECO "C05"]
[Time "12:02:14"]
[TimeControl "2700+45"]

1. e4 e6 2. d4 d5 3. Nd2 Nf6 4. e5 Nfd7 5. Bd3 c5 6. c3 Nc6 7. Ne2 f6 8. Nf4
cxd4 9. Qh5+ Ke7 10. Ng6+ hxg6 11. exf6+ Nxf6 12. Qxh8 dxc3 13. bxc3 Kf7 14. O-O
e5 15. Nf3 e4 16. Ng5+ Ke8 17. Ba3 Ne7 18. Bb5+ Nd7 19. Ne6 {Black resigns} 1-0

[Event "Team 45 45 League T64"]
[Site "Internet Chess Club"]
[Date "2015.03.21"]
[Round "3"]
[White "nidusin2"]
[Black "isolani"]
[Result "1-0"]
[WhiteElo "1592"]
[BlackElo "1553"]
[Opening "Queen's pawn game, Darooha variation "]
[ECO "D02"]
[Time "19:00:17"]
[TimeControl "2700+45"]

1. d4 Nf6 2. Nf3 d5 3. c4 e6 4. Bf4 Nh5 5. Bg5 f6 6. Bd2 g6 7. e3 Nc6 8. Be2 Be7
9. Nc3 a6 10. O-O Ng7 11. Rc1 O-O 12. a3 Qd7 13. Qc2 Ne8 14. Rfd1 f5 15. Ne5
Nxe5 16. dxe5 c6 17. Na4 Qd8 18. Qb3 b5 19. cxb5 axb5 20. Nc5 Bd7 21. Bb4 Kh8
22. e4 fxe4 23. Bg4 Bxc5 24. Bxc5 Rf4 25. Qh3 Ng7 26. Be3 Rf7 27. Qh6 Nf5 28.
Bxf5 exf5 29. Bg5 Qf8 30. Bf6+ Kg8 31. Qh4 Rc8 32. Rc3 Be6 33. Rh3 c5 34. Qg5
Rd7 35. Rh6 d4 36. h4 Rcc7 37. h5 Rg7 38. hxg6 hxg6 39. Rxg6 d3 40. Rxg7+ Rxg7
41. Qxg7+ Qxg7 42. Bxg7 Kxg7 43. g3 c4 44. Kf1 Bd5 45. Ke1 Kf7 46. Kd2 Ke6 47.
Ke3 Kxe5 48. Rh1 Kd6 49. Rh5 Be6 50. f3 exf3 51. Kxf3 d2 52. Ke2 f4 53. Kxd2
fxg3 54. Rg5 Bd5 55. Rxg3 Kc5 56. Kc3 Be4 57. Rg5+ Bd5 58. Rh5 Kd6 59. Kd4 Bc6
60. Rh6+ Kd7 61. Kc5 {Black resigns} 1-0

[Event "Team 45 45 League T64"]
[Site "Internet Chess Club"]
[Date "2015.03.23"]
[Round "3"]
[White "smsxman"]
[Black "Insan996"]
[Result "0-1"]
[WhiteElo "1387"]
[BlackElo "1567"]
[Opening "Caro-Kann defense"]
[ECO "B10"]
[Time "22:00:37"]
[TimeControl "2700+45"]

1. e4 c6 2. Nf3 d5 3. exd5 cxd5 4. d4 Nf6 5. Nc3 Nc6 6. Bb5 a6 7. Bxc6+ bxc6 8.
O-O e6 9. Ne5 c5 10. Re1 Bd6 11. dxc5 Bxc5 12. Bg5 O-O 13. a3 a5 14. Nd3 Be7 15.
Be3 Ba6 16. Ne5 Bd6 17. Nc6 Qc7 18. Nd4 Rab8 19. g3 e5 20. Nf5 d4 21. Nxd6 dxe3
22. Rxe3 Rfd8 23. Rxe5 Rxd6 24. Qe1 h6 25. Na4 Qd8 26. Rxa5 Bb7 27. Nc3 Qxa5
{White resigns} 0-1

[Event "Team 45 45 League T64"]
[Site "Internet Chess Club"]
[Date "2015.03.22"]
[Round "3"]
[White "marceloeinhorn"]
[Black "RobertStephen"]
[Result "1-0"]
[WhiteElo "2007"]
[BlackElo "1984"]
[Opening "Budapest: Fajarowicz variation"]
[ECO "A51"]
[Time "16:38:25"]
[TimeControl "2700+45"]

1. d4 Nf6 2. c4 e5 3. dxe5 Ne4 4. Nf3 Nc6 5. Nbd2 Bb4 6. a3 Nxd2 7. Bxd2 Bxd2+
8. Qxd2 O-O 9. Rd1 Re8 10. Qf4 Qe7 11. Rd5 a6 12. c5 Qe6 13. e4 Ne7 14. Bc4 Nxd5
15. Bxd5 Qe7 16. Ng5 Rf8 17. h4 Rb8 18. Rh3 c6 19. Bc4 b5 20. Ba2 Bb7 21. b4
Rbe8 22. Rf3 Qxe5 23. Bxf7+ Kh8 24. Qxe5 Rxe5 25. Bb3 Rxf3 26. gxf3 Rxg5 27.
hxg5 h6 28. g6 Bc8 29. e5 h5 30. Kf1 a5 31. f4 axb4 32. axb4 h4 33. f5 d5 34.
cxd6 Bxf5 35. Bf7 h3 36. e6 h2 37. Kg2 {Black resigns} 1-0

[Event "Team 45 45 League T64"]
[Site "Internet Chess Club"]
[Date "2015.03.22"]
[Round "3"]
[White "jjimalo"]
[Black "Chessbomb"]
[Result "1/2-1/2"]
[WhiteElo "1918"]
[BlackElo "1848"]
[Opening "Queen's pawn game"]
[ECO "D02"]
[Time "15:00:31"]
[TimeControl "2700+45"]

1. d4 d5 2. Nf3 e6 3. g3 Nf6 4. Bg2 Bd6 5. O-O b6 6. c4 c6 7. b3 Ba6 8. cxd5
cxd5 9. Ba3 Bxa3 10. Nxa3 Qd6 11. Nb1 Nbd7 12. Nc3 Rc8 13. Rc1 Ke7 14. Re1 Rhd8
15. Qd2 h6 16. h3 Ne4 17. Nxe4 dxe4 18. Nh2 Nf6 19. e3 Qa3 20. Ng4 Nxg4 21. hxg4
Bd3 22. Bf1 Bxf1 23. Rxf1 Kf6 24. Rc2 Kg5 25. f4+ Kxg4 26. Qe2+ Kf5 27. Qh5+ Kf6
28. Qe5+ Ke7 29. Qxe4 Rxc2 30. Qxc2 Qa5 31. Rc1 Rd7 32. Kg2 Qd5+ 33. Kf2 g5 34.
Qc4 gxf4 35. gxf4 Qh5 36. Qb4+ Kf6 37. Qc3 Qh2+ 38. Kf3 Rd5 39. Qc2 Qh3+ 40. Ke2
Rh5 41. Qc8 Qg4+ 42. Kd3 Qf5+ 43. Kc3 Rh3 44. Qd8+ Kg6 45. Rg1+ Kh5 46. Kb2 Qa5
47. Rg2 Rxe3 48. Rh2+ Kg6 49. Qg8+ Kf6 50. Qd8+ Kg6 51. Qg8+ {Game drawn by
mutual agreement} 1/2-1/2

[Event "Team 45 45 League T64"]
[Site "Internet Chess Club"]
[Date "2015.03.19"]
[Round "3"]
[White "dmarcolino"]
[Black "laurenpar"]
[Result "1-0"]
[WhiteElo "1914"]
[BlackElo "1947"]
[Opening "French: King's Indian attack"]
[ECO "C00"]
[Time "22:03:50"]
[TimeControl "2700+45"]

1. e4 e6 2. d3 d5 3. Nd2 c5 4. Ngf3 Nc6 5. g3 Bd6 6. Bg2 Nge7 7. O-O O-O 8. Re1
Qc7 9. Qe2 f6 10. c3 Bd7 11. a3 d4 12. cxd4 cxd4 13. Nc4 e5 14. b3 a5 15. Nfd2
a4 16. Nxd6 Qxd6 17. Nc4 Qc7 18. bxa4 Na5 19. Nxa5 Rxa5 20. Qa2+ Kh8 21. Bd2 Rc5
22. Bb4 Rc6 23. Bxe7 Be6 24. Qxe6 {Black resigns} 1-0

[Event "Team 45 45 League T64"]
[Site "Internet Chess Club"]
[Date "2015.03.22"]
[Round "3"]
[White "Froggy"]
[Black "infiniteshug"]
[Result "1-0"]
[WhiteElo "2045"]
[BlackElo "2175"]
[Opening "Benko's opening"]
[ECO "A00"]
[Time "11:55:10"]
[TimeControl "2700+45"]

1. g3 Nf6 2. f4 d5 3. Bg2 c5 4. Nf3 Nc6 5. O-O g6 6. d3 Bg7 7. Nc3 O-O 8. e4 d4
9. Na4 Nd7 10. c4 e5 11. f5 Qe7 12. g4 h6 13. g5 hxg5 14. Bxg5 Qd6 15. Nh4 Rb8
16. b3 a6 17. Nb2 Kh7 18. Qd2 b6 19. Rf3 Nf6 20. Raf1 Bd7 21. Bh3 Rb7 22. Qg2
Ne7 23. Nd1 Be8 24. Nf2 Neg8 25. Ng4 b5 26. Nxf6+ Nxf6 27. Kh1 bxc4 28. bxc4 Rb6
29. Qf2 Qc7 30. Bxf6 Rxf6 31. Qg3 Qe7 32. Bg4 g5 33. Ng2 Rh8 34. Rb1 Rh6 35. Rf2
Qc7 36. Rfb2 Bc6 37. Ne1 Bf6 38. Nf3 Kg7 39. Kg1 Re8 40. Rb6 a5 41. Qe1 a4 42.
Qd2 Kh7 43. h3 Be7 44. Kg2 f6 45. Qb2 Ra8 46. Rb8 Rxb8 47. Qxb8 Bd6 48. Qb6 Kg7
49. Nd2 Rh8 50. Bd1 Qd7 51. Qb2 a3 52. Qxa3 Ra8 53. Qb2 Qxf5 54. Bg4 Qf4 55. Nb3
Qe3 56. Qc2 Ra7 57. Rf1 Ra4 58. Rf3 Qe1 59. Rf1 Qh4 60. Rf2 Ra6 61. Qe2 Be8 62.
Qf3 Qh6 63. Qf5 Qg6 64. Qc8 Rc6 65. Qd8 Qf7 66. Nd2 Qe7 67. Qa8 Rc7 68. Nf1 Bc6
69. Qa5 Ra7 70. Qd2 Be8 71. Ng3 Kg8 72. Qe2 Bg6 73. Bh5 Bh7 74. Qg4 Ra8 75. Nf5
Bxf5 76. Qxf5 Rf8 77. Bg4 Kg7 78. Bh5 Kg8 79. Rb2 Ra8 80. Bg4 Kg7 81. Kf1 Rb8
82. Rxb8 Bxb8 83. Bh5 Bd6 84. Ke2 Kg8 85. Kd1 Kg7 86. Kc2 Bc7 87. Qg6+ Kf8 88.
Kb3 Ba5 89. Qh6+ Kg8 90. Qg6+ Kf8 91. Bg4 Bc3 92. Kc2 Qd6 93. Qf5 Qb6 94. Qc8+
Kg7 95. Qd7+ Kh6 96. Qb5 Qc7 97. Qa6 Kg7 98. Be6 Qb8 99. Qb5 Qc7 100. Qe8 Qa5
101. Qf7+ Kh6 102. Qxf6+ Kh5 103. Bg4+ Kh4 104. Qf2# {Black checkmated} 1-0

[Event "Team 45 45 League T64"]
[Site "Internet Chess Club"]
[Date "2015.03.21"]
[Round "3"]
[White "JulianVerse"]
[Black "ChessHouston"]
[Result "1-0"]
[WhiteElo "1931"]
[BlackElo "1897"]
[Opening "Pirc defense"]
[ECO "B07"]
[Time "15:00:38"]
[TimeControl "2700+45"]

1. e4 d6 2. d4 Nf6 3. Nc3 g6 4. Be3 Bg7 5. f3 c6 6. Qd2 b5 7. O-O-O b4 8. Nce2
a6 9. Qxb4 a5 10. Qd2 Be6 11. Kb1 Nbd7 12. Nf4 a4 13. Nxe6 fxe6 14. Nh3 a3 15.
b3 h6 16. Nf4 Kf7 17. Bc4 d5 18. exd5 exd5 19. Bd3 Nf8 20. h4 Qd6 21. h5 g5 22.
Ng6 Nxg6 23. hxg6+ Ke6 24. Rde1 Kd7 25. g4 e6 26. Bg1 Rhc8 27. Bh2 Qf8 28. Rxe6
Kxe6 29. Bf5+ Ke7 30. Qb4+ Ke8 31. Re1+ Ne4 32. Bd6 Rcb8 33. Qc5 Kd8 34. fxe4
Qe8 35. Bxb8 {Black resigns} 1-0

[Event "Team 45 45 League T64"]
[Site "Internet Chess Club"]
[Date "2015.03.20"]
[Round "3"]
[White "Pason"]
[Black "TillyChess"]
[Result "0-1"]
[WhiteElo "1873"]
[BlackElo "2085"]
[Opening "English: Anglo-Dutch defense"]
[ECO "A10"]
[Time "15:30:45"]
[TimeControl "2700+45"]

1. c4 f5 2. g3 Nf6 3. Bg2 e6 4. b3 Be7 5. Nf3 O-O 6. Bb2 d6 7. d4 Qe8 8. O-O Nc6
9. Nc3 e5 10. dxe5 dxe5 11. Nb5 Bd8 12. Ba3 Rf7 13. Qc2 a6 14. Nc3 e4 15. Ng5
Rd7 16. Nh3 Nd4 17. Qc1 b5 18. cxb5 axb5 19. e3 Nf3+ 20. Bxf3 exf3 21. Bb2 Ng4
22. Nf4 g5 23. Ncd5 gxf4 24. Qc3 Qe5 25. Qxe5 Nxe5 26. Nxf4 Nd3 27. Nxd3 Rxd3
28. Rfd1 Rxd1+ 29. Rxd1 Be6 {White resigns} 0-1

[Event "Team 45 45 League T64"]
[Site "Internet Chess Club"]
[Date "2015.03.27"]
[Round "3"]
[White "chessjav"]
[Black "achessman"]
[Result "1/2-1/2"]
[WhiteElo "1903"]
[BlackElo "1933"]
[Opening "Queen's pawn game"]
[ECO "D02"]
[Time "21:05:24"]
[TimeControl "2700+45"]

1. d4 d5 2. Nf3 Bf5 3. c4 e6 4. Nc3 Bb4 5. a3 Bxc3+ 6. bxc3 Nf6 7. Qa4+ c6 8.
Qb4 Qb6 9. e3 Nbd7 10. Be2 Ne4 11. Nd2 Qxb4 12. cxb4 Nc3 13. Bb2 Nxe2 14. Kxe2
O-O 15. Rac1 a5 16. Ra1 Nb6 17. bxa5 Na4 18. Ra2 Rxa5 19. Rc1 Rfa8 20. Bc3 Nxc3+
21. Rxc3 Kf8 22. f3 {Game drawn by mutual agreement} 1/2-1/2

[Event "Team 45 45 League T64"]
[Site "Internet Chess Club"]
[Date "2015.03.22"]
[Round "3"]
[White "xt"]
[Black "nilobasenji"]
[Result "1/2-1/2"]
[WhiteElo "1736"]
[BlackElo "1836"]
[Opening "Petrov's defense"]
[ECO "C42"]
[Time "17:09:39"]
[TimeControl "2700+45"]

1. e4 e5 2. Nf3 Nf6 3. Nxe5 d6 4. Nf3 Nxe4 5. Bc4 d5 6. Bb3 Be7 7. d3 Nc5 8. O-O
Nxb3 9. axb3 Bg4 10. h3 Bh5 11. Nc3 O-O 12. Bf4 c6 13. Re1 Nd7 14. g4 Bg6 15.
Bc7 Qxc7 16. Rxe7 Qd6 17. Qe2 d4 18. Nb1 f5 19. Nh4 fxg4 20. Nxg6 hxg6 21. hxg4
Rf4 22. Nd2 Raf8 23. f3 a6 24. Re1 R4f7 25. Kg2 Nf6 26. Nc4 Qd5 27. Rxf7 Rxf7
28. Qe6 Qxe6 29. Rxe6 Nd5 30. Kg3 Rf6 31. Rxf6 gxf6 32. Na5 Nb4 33. Nxb7 Nxc2
34. Kf4 Kf8 35. Nc5 Ke7 36. Ke4 Kd6 37. Nb7+ Ke6 38. Nc5+ {Game drawn by mutual
agreement} 1/2-1/2

[Event "Team 45 45 League T64"]
[Site "Internet Chess Club"]
[Date "2015.03.24"]
[Round "3"]
[White "Packerfan"]
[Black "SugarIslander"]
[Result "0-1"]
[WhiteElo "1711"]
[BlackElo "1629"]
[Opening "Petrov: Cochrane gambit"]
[ECO "C42"]
[Time "16:00:13"]
[TimeControl "2700+45"]

1. e4 e5 2. Nf3 Nf6 3. Nxe5 d6 4. Nxf7 Kxf7 5. d4 Qe7 6. Nc3 c6 7. Bd3 Bg4 8. f3
Be6 9. O-O Ke8 10. d5 Bf7 11. dxc6 Nxc6 12. Nd5 Qd7 13. f4 Bxd5 14. exd5 Ne7 15.
Re1 Kd8 16. c4 g6 17. b3 Bg7 18. Bb2 Rg8 19. Re6 Nh5 20. Ba3 Nc8 21. f5 Bxa1 22.
Qxa1 Re8 23. g4 Ng7 24. Qf6+ Re7 25. Bxd6 Nxe6 26. Bxe7+ Qxe7 27. Qxe6 Qxe6 28.
fxe6 Ke7 29. c5 Nd6 30. cxd6+ Kxd6 31. Be4 Rc8 32. Kg2 Rc3 33. Kf2 b5 34. Bf3
Rc2+ 35. Kg3 Rxa2 36. h4 Rb2 37. Bd1 Rd2 38. Bf3 Rd3 39. Kf4 Rxb3 40. Be2 a5 41.
Kg5 Ke7 42. Kh6 a4 43. Kxh7 a3 44. h5 gxh5 45. g5 a2 46. g6 a1=Q 47. g7 Rg3 48.
g8=Q Rxg8 49. Kxg8 h4 {White resigns} 0-1

[Event "Team 45 45 League T64"]
[Site "Internet Chess Club"]
[Date "2015.03.21"]
[Round "3"]
[White "craftsman49868"]
[Black "tryanything"]
[Result "1-0"]
[WhiteElo "1645"]
[BlackElo "1564"]
[Opening "QGD semi-Slav: 5.e3"]
[ECO "D45"]
[Time "19:24:05"]
[TimeControl "2700+45"]

1. c4 e6 2. d4 d5 3. Nc3 c6 4. e3 Nf6 5. Nf3 Be7 6. Bd3 O-O 7. O-O a6 8. e4 dxe4
9. Nxe4 Nbd7 10. Qe2 b5 11. c5 Nd5 12. Re1 N7f6 13. Ne5 Bb7 14. Ng5 Nb4 15. Bb1
Nbd5 16. Qd3 g6 17. Nxh7 Nxh7 18. Nxg6 Ndf6 19. Bh6 Qe8 20. Qg3 Nh5 {Black
resigns} 1-0

[Event "Team 45 45 League T64"]
[Site "Internet Chess Club"]
[Date "2015.03.22"]
[Round "3"]
[White "PostMike"]
[Black "mongmong"]
[Result "1/2-1/2"]
[WhiteElo "1477"]
[BlackElo "1521"]
[Opening "French: exchange variation"]
[ECO "C01"]
[Time "14:30:34"]
[TimeControl "2700+45"]

1. e4 e6 2. d4 d5 3. exd5 exd5 4. Nc3 c6 5. Bd3 Bd6 6. Nf3 Ne7 7. O-O O-O 8. Re1
Bf5 9. h3 Bxd3 10. Qxd3 Ng6 11. Bg5 f6 12. Bh4 Qc7 13. Ne2 Nd7 14. Bg3 Rae8 15.
Bxd6 Qxd6 16. Ng3 Qb8 17. Re3 Rxe3 18. Qxe3 Re8 19. Qd2 Nb6 20. b3 Re6 21. Re1
Qe8 22. Rxe6 Qxe6 23. Qa5 Nc8 24. a4 Nf8 25. Qb4 Qe7 26. Qd2 g6 27. a5 Kg7 28.
b4 a6 29. c3 Nd6 30. Qe2 Qxe2 31. Nxe2 Ne6 32. Nd2 Nc7 33. f3 Ncb5 34. Kf2 Na3
35. g4 Nac4 36. Nxc4 Nxc4 37. Nf4 Kf7 38. Nd3 Nd6 39. Ke2 f5 40. Ne5+ Kf6 41.
Ke3 fxg4 42. hxg4 h5 43. Kf4 hxg4 44. Nxg4+ Kg7 45. Ke3 g5 46. Ne5 Kf6 47. Nd7+
Kf5 48. Nc5 Nc4+ 49. Ke2 Nd6 50. Ke3 g4 51. fxg4+ Kxg4 52. Kd3 Kf3 53. Nb3 Ne4
54. c4 Nf2+ 55. Kc3 Ne4+ 56. Kd3 Nd6 57. cxd5 cxd5 58. Nc5 Kf2 59. Kd2 Kf3 60.
Kd3 Kf4 61. Ne6+ Kf5 62. Nc7 Ne4 63. Nxd5 Nf2+ 64. Kc4 Ne4 65. Nc3 Nd6+ 66. Kd5
Nc8 67. Na4 Kf6 68. Kc5 Ke6 69. Nb6 Nd6 70. d5+ Ke7 71. Nc4 Nc8 72. Ne3 Kd7 73.
Nc4 Kc7 74. b5 axb5 75. Kxb5 Na7+ 76. Kc5 Nc8 77. Nb6 Nd6 78. Na4 Ne4+ 79. Kd4
Nd6 80. Nc5 b6 81. axb6+ Kxb6 82. Ne6 Kb7 83. Kc5 Ne8 {Game drawn by mutual
agreement} 1/2-1/2

[Event "Team 45 45 League T64"]
[Site "Internet Chess Club"]
[Date "2015.03.23"]
[Round "3"]
[White "JustinL"]
[Black "calsal"]
[Result "1-0"]
[WhiteElo "2015"]
[BlackElo "1775"]
[Opening "King's Indian: fianchetto, Panno variation"]
[ECO "E63"]
[Time "17:09:25"]
[TimeControl "2700+45"]

1. d4 Nf6 2. Nf3 g6 3. c4 Bg7 4. g3 d6 5. Bg2 O-O 6. O-O Nc6 7. Nc3 a6 8. Bg5
Rb8 9. e4 h6 10. Bxf6 exf6 11. Qd2 f5 12. Rfe1 b5 13. cxb5 axb5 14. Rac1 fxe4
15. Nxe4 Ne7 16. Nc3 b4 17. Nd1 Be6 18. b3 Nd5 19. Nh4 Qd7 20. Bxd5 Bxd5 21. Ne3
Ba8 22. Rc4 Qb5 23. Rxc7 Qb6 24. Rc4 Qb7 25. Nhg2 Rfe8 26. Rec1 Qb6 27. d5 Bc3
28. R1xc3 bxc3 29. Qxc3 h5 30. Nf4 Re5 31. a4 Qd8 32. b4 Qf6 33. Nd3 Bxd5 34.
Nxd5 Rxd5 35. Qxf6 Rxd3 36. Rc7 {Black resigns} 1-0

[Event "Team 45 45 League T64"]
[Site "Internet Chess Club"]
[Date "2015.03.22"]
[Round "3"]
[White "JeffH"]
[Black "kidcobra"]
[Result "1/2-1/2"]
[WhiteElo "1744"]
[BlackElo "1719"]
[Opening "Ruy Lopez: Schliemann defense, Berger variation"]
[ECO "C63"]
[Time "18:01:44"]
[TimeControl "2700+45"]

1. e4 e5 2. Nf3 Nc6 3. Bb5 f5 4. Nc3 fxe4 5. Nxe4 d5 6. Ng3 Bd6 7. O-O Nf6 8.
Nxe5 Bxe5 9. Bxc6+ bxc6 10. Re1 O-O 11. Rxe5 Ng4 12. Re2 Ba6 13. d3 Qh4 14. h3
Nxf2 15. Qe1 Qxg3 16. Rxf2 Rxf2 17. Qxf2 Qe5 18. d4 Qe4 19. Be3 Rf8 20. Qd2 Bc8
21. Rf1 Rxf1+ 22. Kxf1 Bf5 23. c3 Qb1+ 24. Kf2 Qxa2 25. Bf4 Qb1 26. Bxc7 Qc2 27.
Qxc2 Bxc2 28. Ke3 Kf7 29. Kf4 Bd3 30. g3 a6 31. Ke5 h5 32. h4 {Game drawn by
mutual agreement} 1/2-1/2

[Event "Team 45 45 League T64"]
[Site "Internet Chess Club"]
[Date "2015.03.19"]
[Round "3"]
[White "KidRattler"]
[Black "pkraus"]
[Result "1-0"]
[WhiteElo "1463"]
[BlackElo "1539"]
[Opening "French: exchange variation"]
[ECO "C01"]
[Time "09:57:37"]
[TimeControl "2700+45"]

1. e4 e6 2. d4 d5 3. exd5 exd5 4. Be3 Nf6 5. Bd3 Nc6 6. c3 Bd6 7. Nf3 Bg4 8.
Nbd2 Qd7 9. O-O O-O-O 10. Qa4 Bf5 11. Bxf5 Qxf5 12. h3 Ne4 13. Nh4 Qe6 14. Nxe4
Qxe4 15. Nf3 f6 16. Rfe1 Qf5 17. b4 Kb8 18. b5 Ne7 19. c4 dxc4 20. d5 b6 21.
Qxc4 Nxd5 22. Nd4 Qg6 23. Nc6+ Kc8 24. Nxd8 Rxd8 25. Rad1 Nxe3 26. Rxe3 Bh2+ 27.
Kxh2 Rxd1 28. Qc6 Rd8 29. Re7 {Black resigns} 1-0

[Event "Team 45 45 League T64"]
[Site "Internet Chess Club"]
[Date "2015.03.22"]
[Round "3"]
[White "okieman888"]
[Black "JRussell2"]
[Result "1-0"]
[WhiteElo "1536"]
[BlackElo "1487"]
[Opening "Sicilian: dragon, Yugoslav attack, Rauser variation"]
[ECO "B76"]
[Time "20:01:54"]
[TimeControl "2700+45"]

1. e4 c5 2. Nf3 d6 3. d4 cxd4 4. Nxd4 Nf6 5. Nc3 g6 6. Be3 Bg7 7. f3 Nc6 8. Qd2
O-O 9. O-O-O Qa5 10. Kb1 Nxd4 11. Bxd4 Be6 12. Nd5 Qd8 13. Nxf6+ exf6 14. Bc3
Qd7 15. Qxd6 Qa4 16. b3 Qe8 17. Qf4 Qc8 18. Bxf6 Bxf6 19. Qxf6 Qc7 20. Rd4 Qc3
21. Bd3 Rad8 22. Qxd8 Rxd8 23. Rxd8+ Kg7 24. Rd1 a5 25. Bb5 Qb4 26. Bd7 Bxd7 27.
R8xd7 b5 28. R7d4 Qc5 29. g3 a4 30. R1d3 a3 31. Kc1 Qg5+ 32. f4 Qh5 33. h4 Qe2
34. e5 Qe1+ 35. Rd1 Qc3 36. R4d3 Qb2+ 37. Kd2 Qxa2 38. Rd7 Qb2 39. e6 a2 40. e7
a1=Q 41. Rxa1 Qxa1 42. e8=Q Qa5+ 43. Kd3 b4 44. Qxf7+ {Black resigns} 1-0

[Event "Team 45 45 League T64"]
[Site "Internet Chess Club"]
[Date "2015.03.18"]
[Round "3"]
[White "hondocando"]
[Black "QuieroAprender"]
[Result "1-0"]
[WhiteElo "1673"]
[BlackElo "1686"]
[Opening "Ruy Lopez"]
[ECO "C70"]
[Time "19:00:49"]
[TimeControl "2700+45"]

1. e4 e5 2. Nf3 Nc6 3. Bb5 a6 4. Ba4 Be7 5. O-O b5 6. Bb3 d6 7. h3 Nf6 8. Re1
Na5 9. c3 Nxb3 10. axb3 h6 11. b4 Bb7 12. d3 O-O 13. Be3 d5 14. Nxe5 dxe4 15.
dxe4 Nxe4 16. Qxd8 Rfxd8 17. f3 Ng5 18. Nd2 f6 19. Ng6 Bd6 20. Nf4 Re8 21. Nd3
Bg3 22. Bf2 Rxe1+ 23. Rxe1 Bxf2+ 24. Kxf2 Rd8 25. Re3 Kf7 26. Nb3 Ne6 27. Ke2 g5
28. Rxe6 Bd5 29. Rxa6 Bxb3 30. Nc5 Bc4+ 31. Ke3 Re8+ 32. Ne4 f5 33. Rf6+ Kg7 34.
Rxf5 Bf1 35. Kf2 Bd3 36. Rc5 Re7 37. Ng3 Kg6 38. Rc6+ Kg7 39. Rc5 Kg6 40. Ne4
Rf7 41. Ke3 Bf1 42. Rc6+ Kg7 43. Kf2 Bd3 44. Nc5 Bc4 45. Ne6+ Bxe6 46. Rxe6 Rf6
47. Re7+ Rf7 48. Rxf7+ Kxf7 49. Ke3 Ke6 50. f4 Kd5 51. g4 Kc4 52. b3+ Kd5 53. f5
Ke5 54. c4 c6 55. Kd3 {Black resigns} 1-0

[Event "Team 45 45 League T64"]
[Site "Internet Chess Club"]
[Date "2015.03.21"]
[Round "3"]
[White "JOFRAN"]
[Black "Bible-Believer"]
[Result "1-0"]
[WhiteElo "1478"]
[BlackElo "1533"]
[Opening "Van't Kruijs opening"]
[ECO "A00"]
[Time "19:00:16"]
[TimeControl "2700+45"]

1. e3 e5 2. e4 Nf6 3. Nc3 Nc6 4. Nf3 Bb4 5. Bc4 d6 6. Bb5 Bd7 7. O-O O-O 8. d3
a6 9. Ba4 h6 10. Be3 Qe7 11. Ne2 Ng4 12. Bd2 Rae8 13. Ng3 b5 14. Bb3 Be6 15. Qe2
Bc5 16. Nh1 Nd4 17. Nxd4 Bxd4 18. Rab1 Kh8 19. h3 Nf6 20. Ng3 d5 21. Bxh6 gxh6
22. c3 Bb6 23. exd5 Bxd5 24. Qd2 Kh7 25. Nf5 Nh5 26. Qxh6+ Kg8 27. Nxe7+ {Black
resigns} 1-0

[Event "Team 45 45 League T64"]
[Site "Internet Chess Club"]
[Date "2015.03.23"]
[Round "3"]
[White "Hal2001"]
[Black "Tjet"]
[Result "0-1"]
[WhiteElo "1561"]
[BlackElo "1550"]
[Opening "King's pawn opening"]
[ECO "B07"]
[Time "15:14:02"]
[TimeControl "2700+45"]

1. e4 d6 2. d4 e5 3. dxe5 dxe5 4. Qxd8+ Kxd8 5. Bc4 Be6 6. Bxe6 fxe6 7. Nf3 Bd6
8. O-O Nf6 9. Nc3 c6 10. Rd1 Kc7 11. Ng5 Re8 12. Nf7 Bb4 13. Bd2 Nbd7 14. a3
Bxc3 15. Bxc3 Nxe4 16. Nxe5 Re7 17. Rxd7+ Rxd7 18. Nxd7 Nxc3 19. Nc5 Ne2+ 20.
Kf1 Nd4 21. Rd1 e5 22. c3 b6 23. cxd4 bxc5 24. dxe5 Re8 25. f4 g5 26. g3 Rf8 27.
e6 gxf4 28. Rd7+ Kb6 29. Rf7 Re8 30. e7 fxg3 31. hxg3 h6 32. Ke2 Kc7 33. Ke3 Kd7
34. Kf4 Rxe7 35. Rxe7+ Kxe7 36. Kg4 Kf6 37. Kf4 Kg6 38. Kg4 h5+ 39. Kf4 Kf6 40.
b3 a5 41. a4 Kg6 42. g4 h4 43. g5 h3 44. Kg3 Kxg5 45. Kxh3 {White resigns} 0-1

[Event "Team 45 45 League T64"]
[Site "Internet Chess Club"]
[Date "2015.03.21"]
[Round "3"]
[White "PaulRichard"]
[Black "semperfi"]
[Result "1/2-1/2"]
[WhiteElo "1511"]
[BlackElo "1410"]
[Opening "French: classical, Alapin variation"]
[ECO "C14"]
[Time "19:00:18"]
[TimeControl "2700+45"]

1. e4 e6 2. d4 d5 3. Nc3 Nf6 4. Bg5 Be7 5. e5 Nfd7 6. Bxe7 Qxe7 7. Nb5 Nb6 8. c3
a6 9. Na3 Bd7 10. Bd3 Nc6 11. Qg4 g6 12. f4 O-O-O 13. O-O-O Na4 14. Bc2 Nxc3 15.
Rd3 Nxa2+ 16. Kb1 Ncb4 17. Rb3 Nxc2 18. Nxc2 Bb5 19. Rxb5 axb5 20. Kxa2 c6 21.
Nf3 h6 22. Ra1 Qc7 23. Kb1 Kd7 24. Nfe1 Ra8 25. Ra3 Rxa3 26. Nxa3 Qa5 27. Qe2
Ra8 28. Nd3 b6 29. Qe1 Qxe1+ 30. Nxe1 Rf8 31. Nf3 Ra8 32. g3 b4 33. Nc2 Ra4 34.
b3 Ra5 35. Kb2 Rb5 36. g4 c5 37. Nd2 Ke7 38. Ne3 Kf8 39. Nc2 Kg7 40. h4 Ra5 41.
Nf3 Ra8 42. Nd2 Rc8 43. Ka2 cxd4 44. Nxd4 Rc3 45. N2f3 Rc1 46. Kb2 {Game drawn
by mutual agreement} 1/2-1/2

[Event "Team 45 45 League T64"]
[Site "Internet Chess Club"]
[Date "2015.03.21"]
[Round "3"]
[White "guyd52"]
[Black "seattleblues"]
[Result "1/2-1/2"]
[WhiteElo "1324"]
[BlackElo "1483"]
[Opening "Benko's opening"]
[ECO "A00"]
[Time "05:30:28"]
[TimeControl "2700+45"]

1. g3 c6 2. Nf3 d5 3. Bg2 Bf5 4. d3 Nf6 5. Nbd2 Nbd7 6. O-O e6 7. Re1 Bc5 8. e4
dxe4 9. Nxe4 Bxe4 10. dxe4 O-O 11. h3 Qb6 12. Qd2 Rad8 13. c3 Ne5 14. Qc2 Nd3
15. Re2 h6 16. e5 Ne8 17. b4 Nxc1 18. Rxc1 Be7 19. Rd1 Nc7 20. Rxd8 Rxd8 21. Rd2
Nd5 22. Rd3 c5 23. a3 c4 24. Rd4 Qc7 25. a4 a6 26. Rd1 Ra8 27. Ra1 Rd8 28. Ra3
a5 29. Bf1 axb4 30. cxb4 Nxb4 31. Qxc4 Qxc4 32. Bxc4 Nc2 33. Rc3 Rd1+ 34. Kg2
Ne1+ 35. Kh2 Nxf3+ 36. Rxf3 Re1 37. Rd3 b6 38. Rd7 Kf8 39. f4 Rc1 40. Bb3 Rc3
41. Bd1 Ke8 42. Rb7 Bc5 43. Rb8+ Ke7 44. Kg2 Rd3 45. Be2 Rd2 46. Rb7+ Kd8 47.
Kf3 Rd7 48. Rxd7+ Kxd7 49. Ke4 Bf2 50. g4 Bh4 51. Bb5+ Ke7 52. Bc6 Kd8 53. Bb5
{Game drawn by mutual agreement} 1/2-1/2

[Event "Team 45 45 League T64"]
[Site "Internet Chess Club"]
[Date "2015.03.22"]
[Round "3"]
[White "pkraus"]
[Black "rubo"]
[Result "1/2-1/2"]
[WhiteElo "1542"]
[BlackElo "1609"]
[Opening "Caro-Kann: exchange variation"]
[ECO "B13"]
[Time "14:00:29"]
[TimeControl "2700+45"]

1. e4 c6 2. d4 d5 3. exd5 cxd5 4. Bf4 Nc6 5. c3 Bf5 6. Bd3 Bxd3 7. Qxd3 Nf6 8.
Nd2 e6 9. Ngf3 Be7 10. O-O O-O 11. Rfe1 Re8 12. Ne5 Nxe5 13. dxe5 Nd7 14. Qg3 g6
15. Bh6 Bf8 16. Qh3 Bxh6 17. Qxh6 f6 18. Nf3 fxe5 19. Nxe5 Nxe5 20. Rxe5 Qf6 21.
Rae1 Re7 22. Qe3 Kf7 23. f4 b6 24. g4 Rae8 25. g5 Qg7 26. h4 Qg8 27. Qh3 Kg7 28.
Kg2 Qf7 29. Qf3 Kg8 30. Kg3 Kg7 31. Qe3 Kf8 32. Qd4 Kg8 33. a3 Qg7 34. Qe3 {Game
drawn by mutual agreement} 1/2-1/2